Mustangs vs Sewer Rats
Created - January 5, 2021 at 19:00
Goals
|
| Mustangs |
2 |
1 |
2 |
5 |
| Sewer Rats |
1 |
0 |
1 |
2 |
|
Shots
|
| Mustangs |
12 |
13 |
12 |
37 |
| Sewer Rats |
11 |
8 |
4 |
23 |
|
1st period
1. Mustangs , Nick Schmaltz 8 (Will Butcher 28, Iven Barbashev 3) at 12:00
2. Sewer Rats , Mark Mancari 23 (Vincent Trocheck 25) at 17:24
3. Mustangs , Craig Smith 10 (Nick Schmaltz 6, Andrew O'Brien 9) at 19:57
Penalties :
Will Butcher (Ham) for Charging (Minor) at 9:27
2nd period
4. Mustangs , Chrstian Dvorak 8 (Kurt Sauer 1, Henrik Samuelsson 17) at 5:46
Penalties :
Scott Mayfield (Ham) for Hooking (Minor) at 0:40, Jonathan Drouin (Ham) for Hooking (Minor) at 17:41
3rd period
5. Mustangs , Melker Karlsson 12 (Jonathan Drouin 22) at 7:07
6. Mustangs , Craig Smith 11 (Anthony Beauvillier 7) at 17:12
7. Sewer Rats , Ryan Murphy 4 (Daniel Carr 22, Vincent Trocheck 26) at 18:43
Penalties :
Melker Karlsson (Ham) for Hooking (Minor) at 7:30, Josh Jooris (Ham) for Roughing (Minor) at 11:24
Goalie Stats
Connor Hellebyuk (Ham), 21 saves from 23 shots - (0.913), W, 9-11-1, 60:00 minutes
Marek Mazanek (Tol), 32 saves from 37 shots - (0.865), L, 12-12-2, 60:00 minutes
Players Stats for Mustangs
Player Name G A P +/- PIM S H SB GA TA FO MP PP MP PK MP
------------------------------------------------------------------------------------
Andrew O'Brien 0 1 1 1 0 2 1 0 0 0 0/0 21:20 0:00 4:14
Anthony Beauvillier 0 1 1 2 0 0 0 0 0 1 0/0 9:25 0:00 1:39
Antti Suomela 0 0 0 2 0 0 2 0 0 0 2/3 7:24 0:00 0:09
Chrstian Dvorak 1 0 1 0 0 3 1 0 0 0 0/0 13:44 0:00 0:00
Craig Smith 2 0 2 2 0 4 2 1 0 1 1/6 13:04 0:00 5:20
Curtis Hamilton 0 0 0 1 0 3 4 0 0 0 1/1 14:24 0:00 2:48
Dakota Mermis 0 0 0 1 0 0 1 0 0 0 0/0 13:59 0:00 0:14
Henrik Samuelsson 0 1 1 0 0 3 0 0 0 1 4/11 15:13 0:00 0:55
Iven Barbashev 0 1 1 1 0 0 0 0 0 0 2/5 11:34 0:00 0:00
Jonathan Drouin 0 1 1 0 2 5 1 0 0 1 2/3 17:01 0:00 0:09
Josh Jooris 0 0 0 0 2 2 1 0 1 0 0/0 15:41 0:00 1:50
Kurt Sauer 0 1 1 1 0 1 3 1 0 0 0/0 22:00 0:00 4:54
Mark Stone 0 0 0 0 0 2 1 1 1 0 2/2 19:44 0:00 2:43
Matthew Finn 0 0 0 0 0 0 1 0 0 0 0/0 14:18 0:00 1:45
Melker Karlsson 1 0 1 0 2 7 4 0 1 0 9/22 21:42 0:00 4:21
Nick Schmaltz 1 1 2 1 0 1 0 0 1 0 1/1 11:46 0:00 0:00
Scott Mayfield 0 0 0 1 2 0 2 1 0 1 0/0 24:04 0:00 4:26
Will Butcher 0 1 1 2 2 4 1 1 0 0 0/0 23:37 0:00 4:13
Players Stats for Sewer Rats
Player Name G A P +/- PIM S H SB GA TA FO MP PP MP PK MP
------------------------------------------------------------------------------------
Anthony Duclair 0 0 0 -1 0 1 1 0 0 0 0/0 16:34 0:00 0:00
Connor Carrick 0 0 0 -1 0 0 1 0 0 2 0/0 10:29 0:00 0:00
Daniel Carr 0 1 1 -2 0 0 2 0 1 0 1/1 23:27 5:13 0:00
Dmitrij Jaskin 0 0 0 0 0 1 0 0 1 0 0/0 19:17 4:30 0:00
Drake Caggiula 0 0 0 -1 0 1 5 0 1 0 3/6 16:46 0:12 0:00
Jared McCann 0 0 0 0 0 0 0 0 0 0 0/0 0:42 0:12 0:00
Jarred Tinordi 0 0 0 -1 0 0 1 1 1 0 0/0 25:09 5:23 0:00
Joel Edmundson 0 0 0 -1 0 2 0 1 0 0 0/0 25:09 5:23 0:00
John Ramage 0 0 0 -1 0 0 2 1 0 0 0/0 19:36 4:32 0:00
Jonathan Marchessault 0 0 0 0 0 2 1 0 0 0 5/10 19:17 4:30 0:00
Jonathan Racine 0 0 0 0 0 0 0 0 0 0 0/0 4:46 0:00 0:00
Joseph Blandisi 0 0 0 0 0 3 2 1 0 0 0/0 19:17 4:30 0:00
Mark Mancari 1 0 1 -1 0 4 3 0 0 0 0/1 20:18 5:13 0:00
Nick Cousins 0 0 0 -1 0 2 0 1 0 1 0/0 16:56 0:12 0:00
Ryan Murphy 1 0 1 -1 0 1 1 4 0 0 0/0 19:36 4:32 0:00
Thomas Chabot 0 0 0 -1 0 1 1 1 0 1 0/0 10:29 0:00 0:00
Vincent Trocheck 0 2 2 -2 0 5 0 1 1 0 21/34 23:47 5:13 0:00
Xavier Ouellet 0 0 0 0 0 0 0 0 0 0 0/0 4:46 0:00 0:00
Zach Aston-Reese 0 0 0 -1 0 0 0 0 0 0 0/2 3:39 0:00 0:00
3 Stars
1 - Craig Smith (Ham)
2 - Nick Schmaltz (Ham)
3 - Kurt Sauer (Ham)
Power Play
Mustangs - 0 on 0 Attempt(s) - 0.00%
Sewer Rats - 0 on 5 Attempt(s) - 0.00%
Penalty Kill
Mustangs - 5 on 5 Attempt(s) - 100.00%
- Score 0 goal in Penalty Kill
Sewer Rats - 0 on 0 Attempt(s) - 0.00%
- Score 0 goal in Penalty Kill
Team Stat
Mustangs - Hits : 25 - Faceoff Wins : 24 - Blocked Shots : 5 - Penalty Minutes : 10
Sewer Rats - Hits : 20 - Faceoff Wins : 30 - Blocked Shots : 11 - Penalty Minutes : 0
Official
Referees : Unknown
Linesman : Unknown
Game Notes
No Game Note
Finance
Level 1 -- Attendance: 1389 (69.45%) -- Ticket Income $48,615
Level 2 -- Attendance: 897 (89.70%) -- Ticket Income $15,249
Total Attendance: 2286 (76.20%)
Total Ticket Income: $63,864
Other Income: $3,193
Total Income: $67,057
Mustangs
5 vs 5 Forward
Center Left Wing Right Wing Time % Phy DF OF
1 Melker Karlsson Jonathan Drouin Mark Stone 40 1 2 2
2 Henrik Samuelsson Chrstian Dvorak Josh Jooris 30 1 2 2
3 Iven Barbashev Curtis Hamilton Nick Schmaltz 20 1 2 2
4 Antti Suomela Anthony Beauvillier Craig Smith 10 1 2 2
5 vs 5 Defense
Defense Defense Time % Phy DF OF
1 Scott Mayfield Will Butcher 40 1 2 2
2 Kurt Sauer Andrew O'Brien 30 1 2 2
3 Dakota Mermis Matthew Finn 20 1 2 2
4 Scott Mayfield Will Butcher 10 1 2 2
PowerPlay Forward
Center Left Wing Right Wing Time % Phy DF OF
1 Melker Karlsson Jonathan Drouin Craig Smith 60 1 2 2
2 Henrik Samuelsson Chrstian Dvorak Josh Jooris 40 1 2 2
PowerPlay Defense
Defense Defense Time % Phy DF OF
1 Scott Mayfield Will Butcher 60 1 2 2
2 Kurt Sauer Andrew O'Brien 40 1 2 2
Penalty Kill 4 Players Forward
Center Wing Time % Phy DF OF
1 Craig Smith Melker Karlsson 60 1 2 2
2 Josh Jooris Mark Stone 40 1 2 2
Penalty Kill 4 Players Defense
Defense Defense Time % Phy DF OF
1 Scott Mayfield Will Butcher 60 1 2 2
2 Kurt Sauer Andrew O'Brien 40 1 2 2
Penalty Kill - 3 Players Forward
Forward Time % Phy DF OF
1 Craig Smith 60 1 2 2
2 Melker Karlsson 40 1 2 2
Penalty Kill - 3 Players Defense
Defense Defense Time % Phy DF OF
1 Scott Mayfield Will Butcher 60 1 2 2
2 Kurt Sauer Andrew O'Brien 40 1 2 2
4 vs 4 Forward
Center Wing Time % Phy DF OF
1 Craig Smith Melker Karlsson 60 1 2 2
2 Josh Jooris Mark Stone 40 1 2 2
4 vs 4 Defense
Defense Defense Time % Phy DF OF
1 Scott Mayfield Will Butcher 60 1 2 2
2 Kurt Sauer Andrew O'Brien 40 1 2 2
Last Minutes Offensive
Center Left Wing Right Wing Defense Defense
Melker Karlsson Jonathan Drouin Craig Smith Scott Mayfield Will Butcher
Last Minutes Defensive
Center Left Wing Right Wing Defense Defense
Melker Karlsson Jonathan Drouin Craig Smith Scott Mayfield Will Butcher
Goaltenders
Starting : Connor Hellebyuk
Backup : Anthony Stolarz
Extra Forwards
Normal : Nick Schmaltz, Iven Barbashev, Curtis Hamilton - PP : Nick Schmaltz, Iven Barbashev - PK : Curtis Hamilton
Extra Defensemen
Normal : Dakota Mermis, Matthew Finn, Scott Mayfield - PP : Dakota Mermis - PK : Matthew Finn, Scott Mayfield
Penalty Shots
Craig Smith, Melker Karlsson, Josh Jooris, Mark Stone, Jonathan Drouin
Scratches
Denis Malgin (Healthy), Jordan Schmaltz (Healthy), Danny Biega (Healthy), Raphael Bussieres (Healthy), Sam Kurker (Healthy)
Max Gortz (Healthy), Josh Ho-Sang (Healthy), Brett Pollock (Healthy), Steven Spinner (Healthy), Jason Missiaen (Healthy)
Sewer Rats
5 vs 5 Forward
Center Left Wing Right Wing Time % Phy DF OF
1 Vincent Trocheck Daniel Carr Mark Mancari 40 1 2 2
2 Jonathan Marchessault Joseph Blandisi Dmitrij Jaskin 30 1 2 2
3 Drake Caggiula Anthony Duclair Nick Cousins 20 1 2 2
4 Zach Aston-Reese Vincent Trocheck Daniel Carr 10 1 2 2
5 vs 5 Defense
Defense Defense Time % Phy DF OF
1 Joel Edmundson Jarred Tinordi 40 1 2 2
2 John Ramage Ryan Murphy 30 1 2 2
3 Connor Carrick Thomas Chabot 20 1 2 2
4 Xavier Ouellet Jonathan Racine 10 1 2 2
PowerPlay Forward
Center Left Wing Right Wing Time % Phy DF OF
1 Vincent Trocheck Daniel Carr Mark Mancari 60 1 2 2
2 Jonathan Marchessault Joseph Blandisi Dmitrij Jaskin 40 1 2 2
PowerPlay Defense
Defense Defense Time % Phy DF OF
1 Joel Edmundson Jarred Tinordi 60 1 2 2
2 John Ramage Ryan Murphy 40 1 2 2
Penalty Kill 4 Players Forward
Center Wing Time % Phy DF OF
1 Vincent Trocheck Daniel Carr 60 1 2 2
2 Mark Mancari Jonathan Marchessault 40 1 2 2
Penalty Kill 4 Players Defense
Defense Defense Time % Phy DF OF
1 Joel Edmundson Jarred Tinordi 60 1 2 2
2 John Ramage Ryan Murphy 40 1 2 2
Penalty Kill - 3 Players Forward
Forward Time % Phy DF OF
1 Vincent Trocheck 60 1 2 2
2 Daniel Carr 40 1 2 2
Penalty Kill - 3 Players Defense
Defense Defense Time % Phy DF OF
1 Joel Edmundson Jarred Tinordi 60 1 2 2
2 John Ramage Ryan Murphy 40 1 2 2
4 vs 4 Forward
Center Wing Time % Phy DF OF
1 Vincent Trocheck Daniel Carr 60 1 2 2
2 Mark Mancari Jonathan Marchessault 40 1 2 2
4 vs 4 Defense
Defense Defense Time % Phy DF OF
1 Joel Edmundson Jarred Tinordi 60 1 2 2
2 John Ramage Ryan Murphy 40 1 2 2
Last Minutes Offensive
Center Left Wing Right Wing Defense Defense
Vincent Trocheck Daniel Carr Mark Mancari Joel Edmundson Jarred Tinordi
Last Minutes Defensive
Center Left Wing Right Wing Defense Defense
Vincent Trocheck Daniel Carr Mark Mancari Joel Edmundson Jarred Tinordi
Goaltenders
Starting : Marek Mazanek
Backup : Darcy Kuemper
Extra Forwards
Normal : Jared McCann, Nick Cousins, Drake Caggiula - PP : Jared McCann, Nick Cousins - PK : Drake Caggiula
Extra Defensemen
Normal : Connor Carrick, Thomas Chabot, Xavier Ouellet - PP : Connor Carrick - PK : Thomas Chabot, Xavier Ouellet
Penalty Shots
Vincent Trocheck, Daniel Carr, Mark Mancari, Jonathan Marchessault, Dmitrij Jaskin
Scratches
Dominik Kubalik (Healthy), Josh Archibald (Healthy), Tyler Motte (Healthy), Chris Calhan (Healthy), Erik Condra (Sprained Left Finger Injury)
Mark Friedman (Healthy), Michael Dal Colle (Healthy), Matteson Iacopelli (Healthy), Adin Hill (Healthy), Antoine Bibeau (Healthy)
% Time on Ice - Mustangs
Lines # - Real PCT - Wanted PCT - Time Play
Normal Forward
1 - 35% - 40% - 17:24
2 - 28% - 30% - 13:52
3 - 23% - 20% - 11:34
4 - 14% - 10% - 7:15
Normal Defense
1 - 37% - 40% - 18:27
2 - 34% - 30% - 17:06
3 - 25% - 20% - 12:33
4 - 4% - 10% - 1:59
PP Forward
1 - 0% - 60%
2 - 0% - 40%
PP Defense
1 - 0% - 60%
2 - 0% - 40%
PK Forward
1 - 73% - 60% - 7:12
2 - 27% - 40% - 2:43
PK Defense
1 - 57% - 60% - 5:41
2 - 43% - 40% - 4:14
PK3 Forward
1 - 0% - 60%
2 - 0% - 40%
PK3 Defense
1 - 0% - 60%
2 - 0% - 40%
44 Forward
1 - 0% - 60%
2 - 0% - 40%
44 Defense
1 - 0% - 60%
2 - 0% - 40%
Last Minute Offensive - 0:00
Last Minute Defensive - 0:00
Total
Forward - 60:00
Defense - 60:00
|
% Time on Ice - Sewer Rats
Lines # - Real PCT - Wanted PCT - Time Play
Normal Forward
1 - 30% - 40% - 15:05
2 - 30% - 30% - 14:47
3 - 33% - 20% - 16:34
4 - 7% - 10% - 3:39
Normal Defense
1 - 39% - 40% - 19:46
2 - 30% - 30% - 15:04
3 - 21% - 20% - 10:29
4 - 10% - 10% - 4:46
PP Forward
1 - 55% - 60% - 5:25
2 - 45% - 40% - 4:30
PP Defense
1 - 54% - 60% - 5:23
2 - 46% - 40% - 4:32
PK Forward
1 - 0% - 60%
2 - 0% - 40%
PK Defense
1 - 0% - 60%
2 - 0% - 40%
PK3 Forward
1 - 0% - 60%
2 - 0% - 40%
PK3 Defense
1 - 0% - 60%
2 - 0% - 40%
44 Forward
1 - 0% - 60%
2 - 0% - 40%
44 Defense
1 - 0% - 60%
2 - 0% - 40%
Last Minute Offensive - 0:00
Last Minute Defensive - 0:00
Total
Forward - 60:00
Defense - 60:00
|
Play-by-Play
1st period
0:01 of 1st period - Vincent Trocheck wins face-off versus Melker Karlsson in neutral zone.
0:58 of 1st period - Snap shot by Anthony Duclair.
0:58 of 1st period - Stopped by Connor Hellebyuk with a rebound.
1:00 of 1st period - Slapshot by Joel Edmundson.
1:00 of 1st period - Stopped by Connor Hellebyuk with a rebound.
1:10 of 1st period - Ryan Murphy is hit by Andrew O'Brien and loses puck.
1:36 of 1st period - Mark Stone is hit by Mark Mancari and loses puck.
2:02 of 1st period - Snap shot by Curtis Hamilton.
2:02 of 1st period - Shot Misses the Net.
4:57 of 1st period - Wrist shot by Jonathan Drouin.
4:57 of 1st period - Shot Misses the Net.
4:59 of 1st period - Slapshot by Melker Karlsson.
4:59 of 1st period - Shot Misses the Net.
5:09 of 1st period - Slapshot by Will Butcher.
5:09 of 1st period - Stopped by Marek Mazanek without a rebound.
5:10 of 1st period - Henrik Samuelsson wins face-off versus Jonathan Marchessault in Sewer Rats zone.
5:35 of 1st period - Jarred Tinordi is hit by Jonathan Drouin and loses puck.
6:06 of 1st period - Slapshot by Will Butcher.
6:06 of 1st period - Stopped by Marek Mazanek with a rebound.
6:08 of 1st period - Slapshot by Will Butcher.
6:08 of 1st period - Stopped by Marek Mazanek with a rebound.
6:24 of 1st period - Ryan Murphy is hit by Antti Suomela.
6:27 of 1st period - Off-side.
6:28 of 1st period - Melker Karlsson wins face-off versus Vincent Trocheck in neutral zone.
6:31 of 1st period - Snap shot by Mark Stone.
6:31 of 1st period - Shot Misses the Net.
6:37 of 1st period - Snap shot by Jonathan Drouin.
6:37 of 1st period - Shot Misses the Net.
6:39 of 1st period - Wrist shot by Melker Karlsson.
6:39 of 1st period - Shot Misses the Net.
6:41 of 1st period - Wrist shot by Mark Stone.
6:41 of 1st period - Stopped by Marek Mazanek with a rebound.
6:43 of 1st period - Snap shot by Mark Stone.
6:43 of 1st period - Shot Misses the Net.
8:15 of 1st period - Snap shot by Nick Cousins.
8:15 of 1st period - Stopped by Connor Hellebyuk without a rebound.
8:16 of 1st period - Drake Caggiula wins face-off versus Iven Barbashev in Mustangs zone.
8:27 of 1st period - Nick Schmaltz is hit by Anthony Duclair.
9:27 of 1st period - Minor Penalty to Will Butcher for Charging.
9:28 of 1st period - Vincent Trocheck wins face-off versus Craig Smith in Mustangs zone.
9:30 of 1st period - Snap shot by Daniel Carr.
9:30 of 1st period - Shot Misses the Net.
9:32 of 1st period - Wrist shot by Vincent Trocheck.
9:32 of 1st period - Stopped by Connor Hellebyuk without a rebound.
9:33 of 1st period - Vincent Trocheck wins face-off versus Craig Smith in Mustangs zone.
9:58 of 1st period - Joel Edmundson is hit by Kurt Sauer and loses puck.
11:09 of 1st period - Mark Mancari is hit by Kurt Sauer and loses puck.
11:27 of 1st period - Penalty to Will Butcher is over, Will Butcher is back on ice.
11:50 of 1st period - Vincent Trocheck is hit by Kurt Sauer and loses puck.
11:56 of 1st period - Icing by Joel Edmundson.
11:57 of 1st period - Iven Barbashev wins face-off versus Zach Aston-Reese in Sewer Rats zone.
12:00 of 1st period - Wrist shot by Nick Schmaltz.
12:00 of 1st period - Goal by Nick Schmaltz - Mustangs : 1 - Sewer Rats : 0.
12:01 of 1st period - Melker Karlsson wins face-off versus Vincent Trocheck in neutral zone.
12:26 of 1st period - Mark Mancari is hit by Craig Smith and loses puck.
12:37 of 1st period - Wrist shot by Craig Smith.
12:37 of 1st period - Stopped by Marek Mazanek with a rebound.
12:39 of 1st period - Slapshot by Kurt Sauer.
12:39 of 1st period - Shot Blocked by Thomas Chabot.
13:15 of 1st period - Snap shot by Nick Cousins.
13:15 of 1st period - Stopped by Connor Hellebyuk without a rebound.
13:16 of 1st period - Melker Karlsson wins face-off versus Drake Caggiula in Mustangs zone.
13:16 of 1st period - Melker Karlsson is hit by Drake Caggiula.
13:36 of 1st period - Snap shot by Jonathan Drouin.
13:36 of 1st period - Stopped by Marek Mazanek with a rebound.
14:12 of 1st period - Slapshot by Jonathan Drouin.
14:12 of 1st period - Shot Misses the Net.
14:14 of 1st period - Snap shot by Melker Karlsson.
14:14 of 1st period - Stopped by Marek Mazanek without a rebound.
14:15 of 1st period - Vincent Trocheck wins face-off versus Henrik Samuelsson in Sewer Rats zone.
15:26 of 1st period - Icing by Chrstian Dvorak.
15:27 of 1st period - Vincent Trocheck wins face-off versus Henrik Samuelsson in Mustangs zone.
16:25 of 1st period - Snap shot by Curtis Hamilton.
16:25 of 1st period - Shot Misses the Net.
16:27 of 1st period - Slapshot by Scott Mayfield.
16:27 of 1st period - Shot Blocked by Joseph Blandisi.
16:52 of 1st period - Icing by Craig Smith.
16:53 of 1st period - Antti Suomela wins face-off versus Drake Caggiula in Mustangs zone.
16:53 of 1st period - Antti Suomela is hit by Drake Caggiula.
16:56 of 1st period - Icing by Craig Smith.
16:57 of 1st period - Drake Caggiula wins face-off versus Melker Karlsson in Mustangs zone.
17:12 of 1st period - Wrist shot by Drake Caggiula.
17:12 of 1st period - Stopped by Connor Hellebyuk without a rebound.
17:13 of 1st period - Vincent Trocheck wins face-off versus Henrik Samuelsson in Mustangs zone.
17:20 of 1st period - Slapshot by Mark Mancari.
17:20 of 1st period - Stopped by Connor Hellebyuk with a rebound.
17:22 of 1st period - Wrist shot by Mark Mancari.
17:22 of 1st period - Stopped by Connor Hellebyuk without a rebound.
17:23 of 1st period - Vincent Trocheck wins face-off versus Henrik Samuelsson in Mustangs zone.
17:24 of 1st period - Slapshot by Mark Mancari.
17:24 of 1st period - Goal by Mark Mancari - Mustangs : 1 - Sewer Rats : 1.
17:25 of 1st period - Melker Karlsson wins face-off versus Vincent Trocheck in neutral zone.
17:30 of 1st period - Vincent Trocheck is hit by Scott Mayfield and loses puck.
17:51 of 1st period - Joel Edmundson is hit by Curtis Hamilton and loses puck.
18:16 of 1st period - Joseph Blandisi is hit by Josh Jooris and loses puck.
18:37 of 1st period - Wrist shot by Melker Karlsson.
18:37 of 1st period - Stopped by Marek Mazanek without a rebound.
18:38 of 1st period - Drake Caggiula wins face-off versus Melker Karlsson in Sewer Rats zone.
18:49 of 1st period - Slapshot by Will Butcher.
18:49 of 1st period - Stopped by Marek Mazanek without a rebound.
18:50 of 1st period - Vincent Trocheck wins face-off versus Melker Karlsson in Sewer Rats zone.
18:57 of 1st period - Wrist shot by Jonathan Drouin.
18:57 of 1st period - Stopped by Marek Mazanek with a rebound.
19:15 of 1st period - Jonathan Marchessault is hit by Chrstian Dvorak and loses puck.
19:24 of 1st period - Slapshot by Joseph Blandisi.
19:24 of 1st period - Stopped by Connor Hellebyuk with a rebound.
19:47 of 1st period - Snap shot by Vincent Trocheck.
19:47 of 1st period - Stopped by Connor Hellebyuk with a rebound.
19:57 of 1st period - Snap shot by Craig Smith.
19:57 of 1st period - Goal by Craig Smith - Mustangs : 2 - Sewer Rats : 1.
19:58 of 1st period - Melker Karlsson wins face-off versus Vincent Trocheck in neutral zone.
Goals for this period are 2 for Mustangs vs 1 for Sewer Rats.
Shots for this period are 12 for Mustangs vs 11 for Sewer Rats.
2nd period
0:01 of 2nd period - Vincent Trocheck wins face-off versus Melker Karlsson in neutral zone.
0:40 of 2nd period - Minor Penalty to Scott Mayfield for Hooking.
0:41 of 2nd period - Craig Smith wins face-off versus Vincent Trocheck in Mustangs zone.
0:41 of 2nd period - Craig Smith is hit by Mark Mancari.
1:07 of 2nd period - Kurt Sauer is hit by Joseph Blandisi and loses puck.
1:38 of 2nd period - Snap shot by Josh Jooris.
1:38 of 2nd period - Shot Blocked by Ryan Murphy.
2:12 of 2nd period - Will Butcher is hit by Jarred Tinordi and loses puck.
2:40 of 2nd period - Penalty to Scott Mayfield is over, Scott Mayfield is back on ice.
3:10 of 2nd period - Icing by Josh Jooris.
3:11 of 2nd period - Nick Schmaltz wins face-off versus Zach Aston-Reese in Mustangs zone.
3:38 of 2nd period - Slapshot by Nick Cousins.
3:38 of 2nd period - Shot Misses the Net.
3:54 of 2nd period - Wrist shot by Joseph Blandisi.
3:54 of 2nd period - Shot Misses the Net.
4:08 of 2nd period - Slapshot by Vincent Trocheck.
4:08 of 2nd period - Stopped by Connor Hellebyuk with a rebound.
4:10 of 2nd period - Wrist shot by Vincent Trocheck.
4:10 of 2nd period - Stopped by Connor Hellebyuk with a rebound.
4:24 of 2nd period - Slapshot by Scott Mayfield.
4:24 of 2nd period - Shot Misses the Net.
5:04 of 2nd period - Snap shot by Henrik Samuelsson.
5:04 of 2nd period - Stopped by Marek Mazanek without a rebound.
5:05 of 2nd period - Henrik Samuelsson wins face-off versus Drake Caggiula in Sewer Rats zone.
5:12 of 2nd period - Snap shot by Josh Jooris.
5:12 of 2nd period - Stopped by Marek Mazanek without a rebound.
5:13 of 2nd period - Jonathan Marchessault wins face-off versus Melker Karlsson in Sewer Rats zone.
5:15 of 2nd period - Icing by Dmitrij Jaskin.
5:16 of 2nd period - Jonathan Marchessault wins face-off versus Melker Karlsson in Sewer Rats zone.
5:16 of 2nd period - Jonathan Marchessault is hit by Melker Karlsson.
5:42 of 2nd period - Snap shot by Henrik Samuelsson.
5:42 of 2nd period - Shot Misses the Net.
5:44 of 2nd period - Slapshot by Kurt Sauer.
5:44 of 2nd period - Stopped by Marek Mazanek with a rebound.
5:46 of 2nd period - Snap shot by Chrstian Dvorak.
5:46 of 2nd period - Goal by Chrstian Dvorak - Mustangs : 3 - Sewer Rats : 1.
5:47 of 2nd period - Daniel Carr wins face-off versus Melker Karlsson in neutral zone.
6:26 of 2nd period - Wrist shot by Dmitrij Jaskin.
6:26 of 2nd period - Shot Misses the Net.
6:46 of 2nd period - Wrist shot by Curtis Hamilton.
6:46 of 2nd period - Stopped by Marek Mazanek without a rebound.
6:47 of 2nd period - Vincent Trocheck wins face-off versus Melker Karlsson in Sewer Rats zone.
7:35 of 2nd period - Matthew Finn is hit by Drake Caggiula and loses puck.
7:44 of 2nd period - Snap shot by Jonathan Drouin.
7:44 of 2nd period - Stopped by Marek Mazanek with a rebound.
8:00 of 2nd period - Slapshot by Thomas Chabot.
8:00 of 2nd period - Stopped by Connor Hellebyuk with a rebound.
8:02 of 2nd period - Slapshot by Thomas Chabot.
8:02 of 2nd period - Shot Blocked by Mark Stone.
8:42 of 2nd period - Off-side.
8:43 of 2nd period - Vincent Trocheck wins face-off versus Henrik Samuelsson in neutral zone.
8:46 of 2nd period - Slapshot by Joel Edmundson.
8:46 of 2nd period - Stopped by Connor Hellebyuk with a rebound.
9:16 of 2nd period - Wrist shot by Craig Smith.
9:16 of 2nd period - Shot Blocked by Vincent Trocheck.
9:37 of 2nd period - Snap shot by Dmitrij Jaskin.
9:37 of 2nd period - Stopped by Connor Hellebyuk without a rebound.
9:38 of 2nd period - Henrik Samuelsson wins face-off versus Jonathan Marchessault in Mustangs zone.
9:38 of 2nd period - Henrik Samuelsson is hit by Jonathan Marchessault.
9:51 of 2nd period - Jonathan Marchessault is hit by Will Butcher and loses puck.
10:04 of 2nd period - Scott Mayfield is hit by John Ramage and loses puck.
10:21 of 2nd period - Icing by Daniel Carr.
10:22 of 2nd period - Antti Suomela wins face-off versus Vincent Trocheck in Sewer Rats zone.
11:28 of 2nd period - Joseph Blandisi is hit by Craig Smith and loses puck.
12:32 of 2nd period - Slapshot by Will Butcher.
12:32 of 2nd period - Deflect By Craig Smith.
12:32 of 2nd period - Shot Blocked by Ryan Murphy.
12:32 of 2nd period - Puck is out of play.
12:33 of 2nd period - Vincent Trocheck wins face-off versus Antti Suomela in Sewer Rats zone.
13:15 of 2nd period - Wrist shot by Curtis Hamilton.
13:15 of 2nd period - Stopped by Marek Mazanek without a rebound.
13:16 of 2nd period - Vincent Trocheck wins face-off versus Iven Barbashev in Sewer Rats zone.
13:16 of 2nd period - Vincent Trocheck is hit by Curtis Hamilton.
13:24 of 2nd period - Snap shot by Vincent Trocheck.
13:24 of 2nd period - Stopped by Connor Hellebyuk without a rebound.
13:25 of 2nd period - Melker Karlsson wins face-off versus Vincent Trocheck in Mustangs zone.
13:32 of 2nd period - Snap shot by Jonathan Drouin.
13:32 of 2nd period - Shot Misses the Net.
13:34 of 2nd period - Slapshot by Andrew O'Brien.
13:34 of 2nd period - Stopped by Marek Mazanek with a rebound.
13:36 of 2nd period - Slapshot by Melker Karlsson.
13:36 of 2nd period - Stopped by Marek Mazanek with a rebound.
13:59 of 2nd period - Snap shot by Henrik Samuelsson.
13:59 of 2nd period - Stopped by Marek Mazanek with a rebound.
14:14 of 2nd period - Kurt Sauer is hit by Drake Caggiula and loses puck.
14:31 of 2nd period - Wrist shot by Jonathan Drouin.
14:31 of 2nd period - Deflect By Mark Stone.
14:31 of 2nd period - Stopped by Marek Mazanek without a rebound.
14:32 of 2nd period - Vincent Trocheck wins face-off versus Melker Karlsson in Sewer Rats zone.
14:37 of 2nd period - Wrist shot by Melker Karlsson.
14:37 of 2nd period - Stopped by Marek Mazanek with a rebound.
14:45 of 2nd period - Snap shot by Melker Karlsson.
14:45 of 2nd period - Stopped by Marek Mazanek with a rebound.
14:47 of 2nd period - Wrist shot by Jonathan Drouin.
14:47 of 2nd period - Shot Misses the Net.
14:57 of 2nd period - Chrstian Dvorak is hit by Joseph Blandisi and loses puck.
15:06 of 2nd period - Snap shot by Jonathan Marchessault.
15:06 of 2nd period - Deflect By Joseph Blandisi.
15:06 of 2nd period - Stopped by Connor Hellebyuk with a rebound.
16:13 of 2nd period - Off-side.
16:14 of 2nd period - Melker Karlsson wins face-off versus Vincent Trocheck in neutral zone.
16:29 of 2nd period - Mark Stone is hit by Daniel Carr and loses puck.
16:48 of 2nd period - Snap shot by Josh Jooris.
16:48 of 2nd period - Shot Blocked by Ryan Murphy.
17:26 of 2nd period - Joseph Blandisi is hit by Matthew Finn.
17:41 of 2nd period - Minor Penalty to Jonathan Drouin for Hooking.
17:42 of 2nd period - Vincent Trocheck wins face-off versus Craig Smith in Mustangs zone.
17:42 of 2nd period - Wrist shot by Mark Mancari.
17:42 of 2nd period - Shot Blocked by Craig Smith.
17:44 of 2nd period - Snap shot by Vincent Trocheck.
17:44 of 2nd period - Shot Blocked by Will Butcher.
17:46 of 2nd period - Wrist shot by Daniel Carr.
17:46 of 2nd period - Shot Blocked by Scott Mayfield.
18:39 of 2nd period - Wrist shot by Jonathan Marchessault.
18:39 of 2nd period - Stopped by Connor Hellebyuk without a rebound.
18:40 of 2nd period - Jonathan Marchessault wins face-off versus Craig Smith in Mustangs zone.
19:23 of 2nd period - Andrew O'Brien is hit by Ryan Murphy and loses puck.
19:41 of 2nd period - Penalty to Jonathan Drouin is over, Jonathan Drouin is back on ice.
19:46 of 2nd period - Slapshot by Kurt Sauer.
19:46 of 2nd period - Shot Misses the Net.
19:48 of 2nd period - Slapshot by Kurt Sauer.
19:48 of 2nd period - Shot Blocked by Joel Edmundson.
19:58 of 2nd period - Curtis Hamilton is hit by Drake Caggiula and loses puck.
Goals for this period are 1 for Mustangs vs 0 for Sewer Rats.
Shots for this period are 13 for Mustangs vs 8 for Sewer Rats.
3rd period
0:01 of 3rd period - Melker Karlsson wins face-off versus Vincent Trocheck in neutral zone.
0:26 of 3rd period - Joseph Blandisi is hit by Scott Mayfield and loses puck.
0:35 of 3rd period - Slapshot by Ryan Murphy.
0:35 of 3rd period - Deflect By Dmitrij Jaskin.
0:35 of 3rd period - Shot Misses the Net.
0:35 of 3rd period - Puck is out of play.
0:36 of 3rd period - Vincent Trocheck wins face-off versus Melker Karlsson in Mustangs zone.
1:10 of 3rd period - Snap shot by Josh Jooris.
1:10 of 3rd period - Deflect By Chrstian Dvorak.
1:10 of 3rd period - Stopped by Marek Mazanek with a rebound.
1:52 of 3rd period - Snap shot by Craig Smith.
1:52 of 3rd period - Shot Misses the Net.
1:54 of 3rd period - Snap shot by Antti Suomela.
1:54 of 3rd period - Deflect By Craig Smith.
1:54 of 3rd period - Stopped by Marek Mazanek with a rebound.
2:44 of 3rd period - Icing by Jarred Tinordi.
2:45 of 3rd period - Iven Barbashev wins face-off versus Jonathan Marchessault in Sewer Rats zone.
2:48 of 3rd period - Wrist shot by Curtis Hamilton.
2:48 of 3rd period - Stopped by Marek Mazanek with a rebound.
3:45 of 3rd period - Icing by Andrew O'Brien.
3:46 of 3rd period - Jonathan Drouin wins face-off versus Jonathan Marchessault in Mustangs zone.
4:03 of 3rd period - John Ramage is hit by Melker Karlsson and loses puck.
4:11 of 3rd period - Icing by Jonathan Marchessault.
4:12 of 3rd period - Henrik Samuelsson wins face-off versus Jonathan Marchessault in Sewer Rats zone.
5:01 of 3rd period - Anthony Duclair is hit by Antti Suomela and loses puck.
5:20 of 3rd period - Dakota Mermis is hit by Connor Carrick and loses puck.
5:57 of 3rd period - Slapshot by Melker Karlsson.
5:57 of 3rd period - Deflect By Jonathan Drouin.
5:57 of 3rd period - Stopped by Marek Mazanek with a rebound.
5:59 of 3rd period - Slapshot by Dakota Mermis.
5:59 of 3rd period - Deflect By Jonathan Drouin.
5:59 of 3rd period - Stopped by Marek Mazanek without a rebound.
6:00 of 3rd period - Mark Stone wins face-off versus Vincent Trocheck in Sewer Rats zone.
6:49 of 3rd period - Snap shot by Curtis Hamilton.
6:49 of 3rd period - Shot Misses the Net.
6:51 of 3rd period - Snap shot by Curtis Hamilton.
6:51 of 3rd period - Shot Blocked by Nick Cousins.
6:53 of 3rd period - Wrist shot by Andrew O'Brien.
6:53 of 3rd period - Stopped by Marek Mazanek without a rebound.
6:54 of 3rd period - Jonathan Drouin wins face-off versus Vincent Trocheck in Sewer Rats zone.
6:55 of 3rd period - Snap shot by Will Butcher.
6:55 of 3rd period - Shot Misses the Net.
7:07 of 3rd period - Wrist shot by Melker Karlsson.
7:07 of 3rd period - Goal by Melker Karlsson - Mustangs : 4 - Sewer Rats : 1.
7:08 of 3rd period - Vincent Trocheck wins face-off versus Jonathan Drouin in neutral zone.
7:11 of 3rd period - Will Butcher is hit by Daniel Carr and loses puck.
7:30 of 3rd period - Minor Penalty to Melker Karlsson for Hooking.
7:31 of 3rd period - Vincent Trocheck wins face-off versus Craig Smith in Mustangs zone.
8:54 of 3rd period - Daniel Carr is hit by Curtis Hamilton and loses puck.
9:30 of 3rd period - Penalty to Melker Karlsson is over, Melker Karlsson is back on ice.
9:56 of 3rd period - Backhand shot by Melker Karlsson.
9:56 of 3rd period - Shot Misses the Net.
9:58 of 3rd period - Snap shot by Andrew O'Brien.
9:58 of 3rd period - Deflect By Melker Karlsson.
9:58 of 3rd period - Shot Misses the Net.
9:58 of 3rd period - Puck is out of play.
9:59 of 3rd period - Jonathan Marchessault wins face-off versus Henrik Samuelsson in Sewer Rats zone.
10:20 of 3rd period - Nick Cousins is hit by Mark Stone and loses puck.
10:29 of 3rd period - Slapshot by Melker Karlsson.
10:29 of 3rd period - Stopped by Marek Mazanek without a rebound.
10:30 of 3rd period - Vincent Trocheck wins face-off versus Iven Barbashev in Sewer Rats zone.
10:59 of 3rd period - Slapshot by Jonathan Drouin.
10:59 of 3rd period - Shot Blocked by Jarred Tinordi.
11:24 of 3rd period - Minor Penalty to Josh Jooris for Roughing.
11:25 of 3rd period - Melker Karlsson wins face-off versus Mark Mancari in Mustangs zone.
12:03 of 3rd period - Wrist shot by Joseph Blandisi.
12:03 of 3rd period - Stopped by Connor Hellebyuk without a rebound.
12:04 of 3rd period - Curtis Hamilton wins face-off versus Vincent Trocheck in Mustangs zone.
12:04 of 3rd period - Curtis Hamilton is hit by Mark Mancari.
12:14 of 3rd period - Wrist shot by Kurt Sauer.
12:14 of 3rd period - Shot Misses the Net.
12:42 of 3rd period - Joseph Blandisi is hit by Melker Karlsson.
13:24 of 3rd period - Penalty to Josh Jooris is over, Josh Jooris is back on ice.
13:51 of 3rd period - Iven Barbashev is hit by Thomas Chabot and loses puck.
14:44 of 3rd period - Iven Barbashev is hit by John Ramage.
15:06 of 3rd period - Snap shot by Josh Jooris.
15:06 of 3rd period - Stopped by Marek Mazanek with a rebound.
15:08 of 3rd period - Wrist shot by Josh Jooris.
15:08 of 3rd period - Shot Misses the Net.
15:10 of 3rd period - Wrist shot by Chrstian Dvorak.
15:10 of 3rd period - Stopped by Marek Mazanek without a rebound.
15:11 of 3rd period - Jonathan Marchessault wins face-off versus Henrik Samuelsson in Sewer Rats zone.
15:22 of 3rd period - Jarred Tinordi is hit by Melker Karlsson and loses puck.
15:43 of 3rd period - Snap shot by Jarred Tinordi.
15:43 of 3rd period - Shot Misses the Net.
15:59 of 3rd period - Joseph Blandisi is hit by Dakota Mermis.
16:11 of 3rd period - Slapshot by Mark Mancari.
16:11 of 3rd period - Stopped by Connor Hellebyuk with a rebound.
16:59 of 3rd period - Mark Mancari is hit by Curtis Hamilton and loses puck.
17:12 of 3rd period - Snap shot by Craig Smith.
17:12 of 3rd period - Goal by Craig Smith - Mustangs : 5 - Sewer Rats : 1.
17:13 of 3rd period - Vincent Trocheck wins face-off versus Melker Karlsson in neutral zone.
18:05 of 3rd period - Slapshot by Will Butcher.
18:05 of 3rd period - Shot Blocked by John Ramage.
18:43 of 3rd period - Slapshot by Ryan Murphy.
18:43 of 3rd period - Goal by Ryan Murphy - Mustangs : 5 - Sewer Rats : 2.
18:44 of 3rd period - Vincent Trocheck wins face-off versus Melker Karlsson in neutral zone.
18:47 of 3rd period - Slapshot by Joel Edmundson.
18:47 of 3rd period - Deflect By Vincent Trocheck.
18:47 of 3rd period - Shot Blocked by Kurt Sauer.
18:47 of 3rd period - Puck is out of play.
18:48 of 3rd period - Mark Stone wins face-off versus Vincent Trocheck in Mustangs zone.
19:17 of 3rd period - Snap shot by Jonathan Marchessault.
19:17 of 3rd period - Stopped by Connor Hellebyuk with a rebound.
19:51 of 3rd period - Wrist shot by Henrik Samuelsson.
19:51 of 3rd period - Stopped by Marek Mazanek with a rebound.
19:53 of 3rd period - Slapshot by Josh Jooris.
19:53 of 3rd period - Shot Blocked by Ryan Murphy.
Goals for this period are 2 for Mustangs vs 1 for Sewer Rats.
Shots for this period are 12 for Mustangs vs 4 for Sewer Rats.